 Dungeon Crawl Stone Soup version 0.31-a0-960-g0fca184906 (webtiles) character file.

Game seed: 9796251185182461167

1696 Error4North the Ruffian (level 8, -1/59 (67) HPs)
             Began as a Purple Draconian Shapeshifter on Oct 22, 2023.
             Was an Initiate of Wu Jian.
             Slain by a wight
             ... wielding a +5 halberd
              (2 damage)
             ... on level 6 of the Dungeon on Oct 23, 2023.
             The game lasted 00:17:03 (5659 turns).

Error4North the Ruffian (DrSh)                      Turns: 5659, Time: 00:17:04

HP:   -1/59 (67)    AC:  6    Str: 20    XL:     8   Next: 72%
MP:   8/8           EV: 13    Int: 10    God:    Wu Jian [......]
Gold: 332           SH:  0    Dex: 10    Spells: 7/7 levels left

rFire   . .          .
                       - Unarmed
rCold   . . .        (no shield)
rNeg    . . .        (body armour unavailable)
rPois   .            (helmet currently unavailable)
rElec   .            (cloak currently unavailable)
rCorr   .            (gloves currently unavailable)
SInv    .            (boots currently unavailable)
Will    +....        (no amulet)
Stlth   ++           (no ring)
HPRegen 0.29/turn    (no ring)
MPRegen 0.11/turn

%: no passive effects
@: beast-form, heavily drained
A: beast (slay +3), breathe power, AC +6, unfitting armour, cold-blooded
a: Breathe Dispelling Energy, Begin Untransformation, Renounce Religion


You were on level 6 of the Dungeon.
You worshipped Wu Jian.
Wu Jian was noncommittal.
You were a hulking beast.
You visited 1 branch of the dungeon, and saw 6 of its levels.

You collected 332 gold pieces.

Inventory:

Missiles
 y - 5 curare-tipped darts
 z - 8 poisoned darts
Jewellery
 k - a +4 ring of protection
Talismans
 b - a beast talisman
 c - a flux talisman
 s - a storm talisman
Wands
 m - a wand of iceblast (12)
 r - a wand of flame (25)
Scrolls
 d - 4 scrolls of enchant weapon {unknown}
 h - a scroll of butterflies {unknown}
 i - 3 scrolls of fog {unknown}
 l - 2 scrolls of teleportation {unknown}
 n - 4 scrolls of identify {unknown}
 o - a scroll of torment {unknown}
 p - a scroll of amnesia {unknown}
 q - 2 scrolls of enchant armour {unknown}
 t - 6 scrolls of revelation {unknown}
 B - a scroll of fear {unknown}
Potions
 a - 3 potions of lignification
 e - a potion of brilliance {unknown}
 f - a potion of invisibility {unknown}
 g - 2 potions of might {unknown}
 j - 2 potions of enlightenment {unknown}
 u - a potion of magic {unknown}
 v - 2 potions of attraction {unknown}
 w - a potion of curing {unknown}
 A - a potion of ambrosia {unknown}


   Skills:
 * Level 4.9 Fighting
 * Level 5.3 Dodging
 + Level 1.5 Stealth
 + Level 7.1 Unarmed Combat
 * Level 5.7 Shapeshifting


You had 7 spell levels left.
You didn't know any spells.
Your spell library contained the following spells:

 Spells                   Type           Power      Damage    Failure   Level
 Sandblast                Erth           0%         2d4       36%         1
 Passwall                 Tmut/Erth      0%         N/A       50%         2
 Scorch                   Fire           0%         2d5       50%         2
 Stone Arrow              Conj/Erth      0%         3d7       75%         3
 Brom's Barrelling Bould  Conj/Erth      0%         2d3       98%         4
 Flame Wave               Conj/Fire      0%         2d4       98%         4
 Summon Cactus Giant      Summ           0%         N/A       100%        6


Dungeon Overview and Level Annotations

Branches:
Dungeon (6/15)             Temple (0/1) D:6

Altars:
Kikubaaqudgha
Sif Muna
Wu Jian

Annotations:
D:4 2 transporters, Pinwins's ghost, amateur HOFi


Innate Abilities, Weirdness & Mutations

You are a hulking beast.
Your limbs bulge with bestial killing power. (Slay +3)
You can breathe bolts of dispelling energy.
Your rich purple scales are hard. (AC +6)
You cannot fit into any form of body armour.
You are cold-blooded and may be slowed by cold attacks.


Message History

The wight is heavily damaged.
The wight barely misses you. x2
You hit the wight but do no damage.
Your tail-slap misses the wight.
The wight is heavily damaged.
The wight hits you from afar with a +5 halberd!
The wight hits you with a +0 falchion.
* * * LOW HITPOINT WARNING * * *
The black bear growls angrily.
You punch the wight!
You destroy the wight!
The Council accepts your kill. The wight closely misses you.
The wight attacks as it pursues you! The wight closely misses you.
The wight attacks as it pursues you!
The wight hits you from afar with a +5 halberd.
* * * LOW HITPOINT WARNING * * *
You feel drained.
* * * LOW HITPOINT WARNING * * *
The wight attacks as it pursues you!
The wight hits you from afar with a +5 halberd.
* * * LOW HITPOINT WARNING * * *
You feel drained.
* * * LOW HITPOINT WARNING * * *
You feel much better. The wight completely misses you.
The wight attacks as it pursues you!
The wight hits you from afar with a +5 halberd!
The wight hits you from afar with a +5 halberd!
* * * LOW HITPOINT WARNING * * *
You feel drained.
* * * LOW HITPOINT WARNING * * *
The wight attacks as it pursues you! The wight closely misses you.
The wight attacks as it pursues you! The wight closely misses you.
There is a stone staircase leading down here.
The wight attacks as it pursues you! The wight closely misses you.
There is a stone staircase leading up here.
The wight hits you from afar with a +5 halberd.
* * * LOW HITPOINT WARNING * * *
You feel drained.
You die...

##...)........#.###.........
.#............######.........
................###...........
#.#....#..........#...........
#......#......................
###....#........(................
#.....##..#.#......>h............
#.....h##.######....#............
.......#..####.h.z.##...........
##.#......##.#......##..h........
.#...........#..#....#####.......
..........#....###...####...#....
..........##...# ###..#.....)....
##h.....####..### #......#......
.#......# #.....#.....#.)####(...
.##.....####......###.#.).# ....
.........####.##..# ##..# ....


You could see a black bear and a wight.

Vanquished Creatures
  The ghost of Barriton the Slasher, an amateur DrBe of Trog (D:3)
  An ice beast (D:5)
  A black bear (D:6)
  4 phantoms
  2 bullfrogs
  3 scorpions (D:5)
  2 wights (D:6)
  2 howler monkeys
  A hound (D:5)
  An orc priest (D:3)
  2 sleepcaps
  A jelly (D:6)
  Ijyb (D:3)
  Jessica (D:3)
  2 iguanas
  4 orc wizards
  11 adders
  A shadow imp (D:3)
  2 white imps
  2 ufetubi (D:6)
  4 worms
  A dart slug (D:5)
  14 orcs
  10 bats
  8 endoplasms
  5 giant cockroaches
  6 goblins
  7 hobgoblins
  4 kobolds
  3 quokkas (D:1)
  7 ball pythons
  6 frilled lizards
  9 rats
129 creatures vanquished.

Notes
Turn   | Place    | Note
-------+----------+-------------------------------------------
     0 | D:1      | Error4North the Draconian Shapeshifter began the quest for
                  | the Orb.
     0 | D:1      | Reached XP level 1. HP: 16/16 MP: 1/1
   169 | D:1      | Reached XP level 2. HP: 23/23 MP: 2/2
   260 | D:1      | Found a faded altar of an unknown god.
   528 | D:1      | Reached XP level 3. HP: 27/29 MP: 3/3
  1630 | D:2      | Reached XP level 4. HP: 31/36 MP: 4/4
  1634 | D:2      | Upgraded the game from 0.31-a0-948-gf5be29c462 to
                  | 0.31-a0-960-g0fca184906
  2070 | D:3      | Noticed Jessica
  2075 | D:3      | Killed Jessica
  2100 | D:3      | Found a runed translucent gate.
  2100 | D:3      | Found a runed translucent gate.
  2100 | D:3      | Found a runed translucent gate.
  2102 | D:3      | Noticed Barriton's ghost (amateur DrBe)
  2227 | D:3      | Noticed Ijyb
  2263 | D:3      | Killed Ijyb
  2366 | D:3      | Reached XP level 5. HP: 40/41 MP: 5/5
  2946 | D:3      | Found a shimmering blue altar of Sif Muna.
  3034 | D:3      | Reached skill level 4 in Unarmed Combat
  3127 | D:3      | Killed Barriton's ghost
  3128 | D:3      | Reached XP level 6. HP: 50/50 MP: 6/6
  3334 | D:4      | Identified the +6 giant club of the Crafting Dragonfly
                  | {pain, rN+}
  3334 | D:4      | Noticed Pinwins's ghost (amateur HOFi)
  3341 | D:4      | Found a transporter.
  3537 | D:4      | Your scales start taking on a rich purple colour.
  3537 | D:4      | Reached XP level 7. HP: 40/57 MP: 7/7
  3652 | D:4      | Found an ancient bone altar of Kikubaaqudgha.
  3683 | D:4      | Found a transporter.
  3927 | D:5      | Entered Level 5 of the Dungeon
  3977 | D:4      | Reached skill level 1 in Stealth
  3977 | D:4      | Reached skill level 5 in Unarmed Combat
  4267 | D:5      | Found an ornate altar of the Wu Jian Council.
  4273 | D:5      | Became a worshipper of the Wu Jian Council
  4537 | D:5      | Reached skill level 5 in Shapeshifting
  4639 | D:5      | Reached XP level 8. HP: 44/66 MP: 8/8
  4758 | D:5      | Reached skill level 6 in Unarmed Combat
  5342 | D:6      | Reached skill level 5 in Dodging
  5379 | D:6      | Found a staircase to the Ecumenical Temple.
  5637 | D:6      | Reached skill level 7 in Unarmed Combat
  5659 | D:6      | HP: 1/61 [wight/+5 halberd (5)]
  5659 | D:6      | Slain by a wight

Illustrated notes

Levels and vault maps discovered:
D:1:      dpeg_arrival_brainrot, layout_basic,
          shapermc_ecumenical_altar_starsandcircs, chequers_big_river,
          minmay_close_crescents
D:2:      layout_loops_corners, minmay_small_reverse_x
D:3:      layout_basic, lemuel_doored_altar, gammafunk_ghost_split,
          uniq_jessica, uniq_ijyb
D:4:      layout_cave_pools, old_standard_altar, gammafunk_ghost_smash
D:5:      layout_loops_cross, nicolae_wu_jian_glorious_leap
D:6:      layout_cave_pools, minmay_temple_entry_ruins

Skill      XL: |  1  2  3  4  5  6  7  8 |
---------------+-------------------------+-----
Dodging        | 2 3 4 5 |  5.3
Fighting       | 2 3 4 |  4.9
Shapeshifting  | 4 5 |  5.7
Unarmed Combat | 4 5 7 |  7.1
Stealth        | 1 |  1.5

Action                     |  1- 3 |  4- 6 |  7- 9 || total
---------------------------+-------+-------+-------++-------
  Melee: Unarmed           |   112 |   202 |   179 ||   493
         Tailslap          |    11 |    18 |    18 ||    47
         Punch             |     4 |    12 |     9 ||    25
Ability: Lunge             |       |       |     6 ||     6
  Evoke: Wand              |       |     3 |       ||     3
    Use: Potion            |     1 |     2 |     1 ||     4
   Stab: Sleeping          |       |       |     2 ||     2
 Armour: Skin              |    53 |   131 |   117 ||   301
  Dodge: Dodged            |    86 |   105 |    89 ||   280
   Form: Storm             |     1 |       |       ||     1
         Beast             |     1 |       |       ||     1

Table legend: (Time is in decaauts)
 A = Elapsed time spent in this place.
 B = Non-inter-level travel time spent in this place.
 C = Inter-level travel time spent in this place.
 D = Time resting spent in this place.
 E = Time spent auto-exploring this place.
 F = Levels seen in this place.
 G = Mean time per level.
                   A        B        C        D        E       F      G
               +--------+--------+--------+--------+--------+-----+--------+
         Total |   5639 |   5409 |    230 |    298 |   3686 |   6 |  939.8 |
       Dungeon |   5639 |   5409 |    230 |    298 |   3686 |   6 |  939.8 |
               +--------+--------+--------+--------+--------+-----+--------+

Top non-repeatable levels by time:
     D:1: 1221 daAuts
     D:5: 1193 daAuts
     D:3: 1152 daAuts
     D:2: 857 daAuts
     D:4: 745 daAuts
     D:6: 467 daAuts
